 Dungeon Crawl Stone Soup version 0.19.5 (webtiles) character file.

339 Peloso the Shield-Bearer (level 6, -3/84 HPs)
             Began as a Minotaur Fighter on May 20, 2017.
             Slain by an iguana (4 damage)
             ... on level 4 of the Dungeon.
             The game lasted 00:05:46 (2158 turns).

Peloso the Shield-Bearer (Minotaur Fighter)         Turns: 2158, Time: 00:05:47

Health: -3/84      AC: 23    Str: 25    XL:     6   Next: 29%
Magic:  5/5        EV:  2    Int:  5    God:
Gold:   158        SH: 10    Dex: 12    Spells: 0 memorised, 5 levels left

rFire  . . .     SeeInvis .     a - +0 long sword
rCold  . . .     Gourm    .     (armour currently unavailable)
rNeg   + + +     Faith    .     c - +0 shield
rPois  +         Spirit   .     (helmet currently unavailable)
rElec  .         Reflect  .     (cloak currently unavailable)
rCorr  +         Harm     .     (gloves currently unavailable)
MR     .....     NoTele   +     (boots currently unavailable)
Stlth  +.........               (no amulet)
                                (no ring)
                                i - ring of resist corrosion

@: mighty, tree-form, very slightly contaminated, hasted, very quick
A: (retaliatory headbutt), (horns 0)
a: no special abilities


You were on level 4 of the Dungeon.
You were hungry.
You were a tree.
You visited 1 branch of the dungeon, and saw 4 of its levels.

You collected 158 gold pieces.

Inventory:

Hand Weapons
 a - a +0 long sword (weapon)
 v - a +1 hand axe of flaming
Armour
 c - a +0 shield (worn)
 g - a +1 cloak (melded)
 m - a +0 chain mail
 y - a +0 plate armour (melded)
Jewellery
 i - a ring of resist corrosion (left branch)
 q - an uncursed amulet of rage {unknown}
 r - a cursed -3 ring of protection {unknown}
Wands
 x - a wand of confusion (12/48)
Scrolls
 b - 3 scrolls of remove curse
 e - a scroll of magic mapping
 h - 3 scrolls of identify
 j - 2 scrolls of recharging {unknown}
 l - a scroll of blinking {unknown}
 n - a scroll of fear {unknown}
 o - a scroll of fog {unknown}
 t - 2 scrolls of teleportation {unknown}
Potions
 d - 2 potions of might
 A - a potion of haste
Comestibles
 f - 6 bread rations
 k - a beef jerky
 p - a slice of pizza
 w - a meat ration


   Skills:
 + Level 5.0 Fighting
 + Level 5.0 Long Blades
 + Level 5.0 Armour
 + Level 0.4 Dodging
 + Level 0.1 Stealth
 + Level 5.1 Shields


You had 5 spell levels left.
You didn't know any spells.

Dungeon Overview and Level Annotations

Branches:
Dungeon (4/15)
 Temple: D:4-7

Altars:
Trog


Innate Abilities, Weirdness & Mutations

((You reflexively headbutt those who attack you in melee.))
((You have a pair of horns on your head.))


Message History

You hit the iguana but do no damage. You block the iguana's attack.
Unknown command.
You hit the scorpion but do no damage. You headbutt the scorpion.
The scorpion is lightly wounded.
The scorpion stings you.
* * * LOW HITPOINT WARNING * * *
The iguana bites you.
* * * LOW HITPOINT WARNING * * *
You block the scorpion's attack.
It was a potion of lignification.
You turn into a tree.
Your +1 cloak melds into your body.
Your +0 plate armour melds into your body.
Your roots penetrate the ground.
You block the iguana's attack.
The scorpion stings you but does no damage.
It was a potion of haste.
You feel yourself speed up. You block the iguana's attack.
You block the scorpion's attack.
You are very lightly contaminated with residual magic.
You feel very mighty all of a sudden. The iguana bites you.
You die...

.# ###. .###... . .
..#..###. ..... ##
#........ ......##.
####....>..#
?........##...<##.#
..........).#.....#
......#####..))####
......s♣l...#.##
......###......#
..... ...........
#### ###....#..##
#....##..# ......#
#.. ###...# #.#
#....


You could see a scorpion and an iguana.

Vanquished Creatures
  2 scorpions
  A howler monkey (D:4)
  A bullfrog skeleton (D:4)
  A worker ant (D:4)
  6 adders
  A worm (D:3)
  6 dart slugs
  2 leopard geckos (D:1)
  10 orcs
  6 bats
  2 giant cockroaches
  7 goblins
  2 hobgoblins
  6 jackals (D:1)
  A quokka (D:2)
  5 frilled lizards
  4 kobolds (D:2)
  A quokka skeleton (D:3)
  16 rats
80 creatures vanquished.

Vanquished Creatures (others)
  3 fungi (D:4)
3 creatures vanquished.

Grand Total: 83 creatures vanquished

Notes
Turn   | Place    | Note
-------+----------+-------------------------------------------
     0 | D:1      | Peloso the Minotaur Fighter began the quest for the Orb.
     0 | D:1      | Reached XP level 1. HP: 19/19 MP: 0/0
   161 | D:1      | Reached XP level 2. HP: 24/27 MP: 1/1
   548 | D:1      | Reached XP level 3. HP: 33/33 MP: 2/2
   911 | D:2      | Reached XP level 4. HP: 41/41 MP: 3/3
  1110 | D:2      | Found a faded altar of an unknown god.
  1649 | D:3      | Reached XP level 5. HP: 46/47 MP: 4/4
  2029 | D:3      | Found a bloodstained altar of Trog.
  2143 | D:4      | Reached skill level 5 in Shields
  2149 | D:4      | Reached skill level 5 in Fighting
  2149 | D:4      | Reached XP level 6. HP: 15/56 MP: 5/5
  2153 | D:4      | Reached skill level 5 in Long Blades
  2153 | D:4      | Reached skill level 5 in Armour
  2155 | D:4      | HP: 1/56 [iguana (5)]
  2158 | D:4      | Slain by an iguana

Skill      XL: |  1  2  3  4  5  6 |
---------------+-------------------+-----
Fighting       | 4 5 |  5.0
Shields        | 4 5 |  5.1
Armour         | 4 5 |  5.0
Long Blades    | 3 4 5 |  5.0
Dodging        | |  0.4
Stealth        | |  0.1

Action                   |  1- 3 |  4- 6 || total
-------------------------+-------+-------++-------
Melee: Long sword        |    76 |   160 ||   236
       Headbutt          |    14 |    24 ||    38
  Use: Scroll            |       |     3 ||     3
       Potion            |       |     4 ||     4
  Eat: Chunk             |       |     4 ||     4
Armor: Scale mail        |    24 |       ||    24
       Chain mail        |    19 |    53 ||    72
       Plate armour      |       |    70 ||    70
       Skin              |       |     1 ||     1
Dodge: Dodged            |    30 |    22 ||    52
Block: Shield            |    33 |   113 ||   146
       Rpst.: Long sword |    10 |    11 ||    21
